 Dungeon Crawl Stone Soup version 0.19.4-9-g45fd643 (webtiles) character file.

34 Greenblue the Magician (level 3, -2/24 HPs)
             Began as a Demonspawn Wizard on Feb 15, 2017.
             Slain by an adder (4 damage)
             ... on level 2 of the Dungeon.
             The game lasted 00:05:55 (1655 turns).

Greenblue the Magician (Demonspawn Wizard)          Turns: 1655, Time: 00:05:56

Health: -2/24      AC:  5    Str:  7    XL:     3   Next: 14%
Magic:  0/7        EV: 17    Int: 20    God:
Gold:   82         SH:  0    Dex: 16    Spells: 3 memorised, 3 levels left

rFire  . . .     SeeInvis .     p - +0 whip
rCold  . . .     Gourm    .     k - +0 leather armour (curse)
rNeg   . . .     Faith    .     (no shield)
rPois  .         Spirit   .     b - +0 hat
rElec  .         Reflect  .     (no cloak)
rCorr  +         Harm     .     (no gloves)
MR     .....                    (no boots)
Stlth  +++.......               (no amulet)
                                (no ring)
                                g - ring of resist corrosion

@: agile
A: yellow scales 1
a: no special abilities


You were on level 2 of the Dungeon.
You were not hungry.

You visited 1 branch of the dungeon, and saw 2 of its levels.

You collected 82 gold pieces.

Inventory:

Hand Weapons
 p - a +0 whip (weapon)
Armour
 a - a +0 robe
 b - a +0 hat (worn)
 k - a cursed +0 leather armour (worn)
Jewellery
 g - a ring of resist corrosion (left hand)
Scrolls
 i - a scroll of noise {unknown}
 j - a scroll of enchant armour {unknown}
 l - a scroll of random uselessness {unknown}
 m - a scroll of identify {unknown}
 n - a scroll of blinking {unknown}
 o - a scroll of fog {unknown}
Books
 c - a book of Minor Magic

   Spells                             Type                      Level
   a - Magic Dart                     Conjuration                  1
   b - Blink                          Translocation                2
   c - Call Imp                       Summoning                    2
   d - Repel Missiles                 Charms/Air                   2
   e - Slow                           Hexes                        2
   f - Conjure Flame                  Conjuration/Fire             3
   g - Mephitic Cloud                 Conjuration/Poison/Air       3
Comestibles
 d - a bread ration
 f - a beef jerky
 h - a meat ration


   Skills:
 - Level 2.0 Dodging
 - Level 1.8 Stealth
 - Level 3.4 Spellcasting
 + Level 2.2 Conjurations
 - Level 1.0 Summonings
 - Level 0.8 Translocations


You had 3 spell levels left.
You knew the following spells:

 Your Spells              Type           Power        Failure   Level  Hunger
a - Magic Dart            Conj           ##..         10%         1    None
b - Call Imp              Summ           #.......     24%         2    ##.....
c - Blink                 Tloc           N/A          24%         2    ##.....


Dungeon Overview and Level Annotations

Branches:
Dungeon (2/15)

Altars:
Hepliaklqana
Xom


Innate Abilities, Weirdness & Mutations

You are partially covered in yellow scales. (AC +2)


Message History

Aim: a worm The magic dart hits the adder.
The adder is almost dead.
The adder completely misses you.
Your leather armour prevents you from hitting the adder.
The adder is almost dead.
The adder barely misses you. x2
You barely miss the adder.
The adder is almost dead.
Your crimson imp disappears in a puff of smoke!
The adder closely misses you.
Casting: Magic Dart
Confirm with . or Enter, or press ? or * to list all spells.
Aiming: Magic Dart
Press: ? - help, Shift-Dir - straight line, f/p - worm
Aim: a worm The magic dart hits the adder.
The adder is almost dead.
The adder bites you.
You die...

_....._ #.# #.....#
##.######### 8...8
#.....w..5.# ##>##
#..#######.########
####### #.w# #.......w..
#.....# #..# #[.########
###...# #..# ###..######..
##...# #.S####..........>.
#..#># #.@...(.#..######..
#.<..# #..........######..
#.##.###.#.#####..##......
#.#.#.##..........##.##.##
#..###...........###.##...
#.#.#.####.#####.# #.##.#.
#.##.## #.# #.###w#..#.
#.#### #.# #........## #.#
#.# #.###......


You could see a worm and an adder.

Vanquished Creatures
  An ooze (D:1)
  A worm (D:1)
  3 dart slugs (D:1)
  A leopard gecko (D:1)
  A giant cockroach (D:1)
  2 goblins (D:1)
  4 hobgoblins (D:1)
  2 kobolds (D:1)
  5 rats (D:1)
20 creatures vanquished.

Notes
Turn   | Place    | Note
-------+----------+-------------------------------------------
     0 | D:1      | Greenblue the Demonspawn Wizard began the quest for the Orb.
     0 | D:1      | Reached XP level 1. HP: 13/13 MP: 4/4
   265 | D:1      | Gained mutation: You are partially covered in yellow scales. (AC +2) [demonic ancestry]
   265 | D:1      | Reached XP level 2. HP: 19/19 MP: 1/6
   840 | D:1      | Learned a level 2 spell: Call Imp
   843 | D:1      | Learned a level 2 spell: Blink
   861 | D:1      | Reached XP level 3. HP: 24/24 MP: 3/7
  1546 | D:2      | Found a hazy altar of Hepliaklqana.
  1548 | D:2      | Found a shimmering altar of Xom.
  1639 | D:2      | HP: 1/24 [adder (5)]
  1655 | D:2      | Slain by an adder

Skill      XL: |  1  2 |
---------------+-------+-----
Dodging        | 2 |  2.0
Conjurations   | 2 |  2.2
Stealth        | |  1.8
Spellcasting   | |  3.4
Summonings     | |  1.0
Translocations | |  0.8

Action                   || total
-------------------------++-------
Melee: Unarmed           ||    29
       Whip              ||    11
 Cast: Magic Dart        ||    83
       Call Imp          ||     2
  Use: Potion            ||     1
  Eat: Chunk             ||     2
Armor: Robe              ||     4
       Leather armour    ||     6
Dodge: Dodged            ||    45
